 Dungeon Crawl Stone Soup version 0.23.2 (webtiles) character file.

Game seed: 16138550735141308383

6638 D1HalberdGnoll the Slicer (level 11, -6/69 HPs)
             Began as a Kobold Berserker on Apr 10, 2019.
             Was an Elder of Trog.
             Mangled by an ice beast (8 damage)
             ... on level 9 of the Dungeon.
             The game lasted 00:12:51 (9777 turns).

D1HalberdGnoll the Slicer (Kobold Berserker)        Turns: 9777, Time: 00:12:52

Health: -6/69      AC: 14    Str: 18    XL:     11   Next: 22%
Magic:  11/11      EV: 12    Int:  9    God:    Trog [****..]
Gold:   581        SH:  0    Dex: 14    Spells: 10/10 levels left

rFire    . . .     SeeInvis .   v - +2 scimitar (flame)
rCold    . . .     Gourm    .   (shield restricted)
rNeg     . . .     Faith    .   B - +0 plate armour
rPois    .         Spirit   .   (no helmet)
rElec    .         Reflect  .   (no cloak)
rCorr    .         Harm     .   (no gloves)
MR       .....                  q - +0 pair of boots
Stlth    ..........             m - amulet of the acrobat
HPRegen  0.21/turn              (no ring)
MPRegen  0.12/turn              (no ring)

@: berserk cooldown, slowed, very slow
A: small, carnivore
a: Berserk, Trog's Hand, Brothers in Arms, Renounce Religion


You were on level 9 of the Dungeon.
You worshipped Trog.
Trog was greatly pleased with you.
You were very full.

You visited 1 branch of the dungeon, and saw 9 of its levels.

You collected 581 gold pieces.

Inventory:

Hand Weapons
 f - a +2 short sword of draining
 v - a +2 scimitar of flaming (weapon)
 z - a +0 long sword
Missiles
 A - 2 throwing nets (quivered)
Armour
 q - a +0 pair of boots (worn)
 B - a +0 plate armour (worn)
Jewellery
 m - an amulet of the acrobat (around neck)
Wands
 a - a wand of paralysis (3)
 w - a wand of clouds (4)
Scrolls
 d - a scroll of teleportation
 e - a scroll of immolation
 g - 3 scrolls of blinking
 h - a scroll of fear
 j - 6 scrolls of remove curse
 l - a scroll of fog
 u - a scroll of magic mapping
 y - a scroll of enchant weapon
Potions
 b - a potion of berserk rage
 i - a potion of haste {unknown}
 k - 5 potions of might
 n - a potion of lignification
 o - a potion of curing {unknown}
 p - 3 potions of ambrosia {unknown}
 r - 3 potions of heal wounds {unknown}
 s - a potion of mutation {unknown}
 t - 2 potions of flight {unknown}
 x - a potion of brilliance {unknown}
Comestibles
 c - 23 rations


   Skills:
 + Level 8.6 Fighting
 * Level 13.4(13.5) Short Blades
 + Level 2.2(6.1) Long Blades
 + Level 6.2 Armour
 + Level 9.0 Dodging


You had 10 spell levels left.
You didn't know any spells.
Your spell library was empty.

Dungeon Overview and Level Annotations

Branches:
Dungeon (9/15)             Temple (0/1) D:5            Lair (0/6) D:8
    Orc: D:9-12

Altars:
Ashenzari
Makhleb
Sif Muna
Uskayaw
Vehumet
Yredelemnul
Zin
The Shining One

Shops:
D:6 :   D:8 [??*(


Innate Abilities, Weirdness & Mutations

You are small and have problems with some larger weapons.
You are carnivorous and can eat meat at any time.


Message History

The ice beast is almost dead.
You feel sick.
You are no longer poisoned.
The ice beast hits you but does no damage.
You closely miss the ice beast.
The ice beast is almost dead.
The ice beast closely misses you. x2
You closely miss the ice beast.
The ice beast is almost dead.
The ice beast hits you but does no damage.
You hit the ice beast but do no damage.
The ice beast is almost dead.
The ice beast hits you.
* * * LOW HITPOINT WARNING * * *
The ice beast freezes you!
* * * LOW HITPOINT WARNING * * *
The ice beast hits you.
* * * LOW HITPOINT WARNING * * *
The ice beast freezes you!
You die...

#.......^..#
#..........#
...........#
#..........# ###[#
#...# ##'####
#######
#.....#######......
+.@...'.....'.#####
#..Y..#######...#.#
####..# ###.#.#
#..# #...#.. #..#
#####'# #..# #.#
#.## #.# ..# #.# ##
#.#


You could see an ice beast.

Vanquished Creatures
  Erica (D:8)
  Pikel (D:7)
  Joseph (D:7)
  A troll (D:9)
  3 hippogriffs
  Menkaure (D:4)
  Edmund (D:4)
  Duvessa (D:5)
  An orc warrior (D:6)
  A black bear (D:8)
  A necrophage (D:7)
  3 sky beasts
  A phantom (D:4)
  4 ogres
  3 centaurs
  A big kobold (D:8)
  3 bullfrogs
  3 elf zombies (D:7)
  A water moccasin zombie (D:7)
  Dowan (D:5)
  7 wights
  3 water moccasin skeletons
  9 killer bees
  3 howler monkeys
  6 crimson imps
  A centaur zombie (D:8)
  A quasit (D:7)
  2 bullfrog zombies
  6 hounds
  5 orc priests
  4 human zombies (D:7)
  7 orc wizards
  A bullfrog skeleton (D:4)
  A centaur skeleton (D:4)
  2 human skeletons (D:7)
  2 iguanas
  7 worker ants
  A hound zombie (D:7)
  12 adders
  2 shadow imps (D:5)
  An ooze (D:1)
  2 adder skeletons (D:5)
  3 worms
  A dart slug (D:1)
  2 leopard geckos
  15 orcs
  A ball python (D:7)
  4 giant cockroaches
  8 goblins
  2 hobgoblins
  6 jackals
  A quokka (D:7)
  4 bats
  A frilled lizard (D:5)
  A jackal skeleton (D:5)
  A jackal zombie (D:6)
  6 kobolds
  A leopard gecko skeleton (D:7)
  An orc zombie (D:7)
  A quokka skeleton (D:5)
  8 rats
185 creatures vanquished.

Vanquished Creatures (others)
  2 centaurs (D:7)
  2 orcs (D:7)
4 creatures vanquished.

Grand Total: 189 creatures vanquished

Notes
Turn   | Place    | Note
-------+----------+-------------------------------------------
     0 | D:1      | D1HalberdGnoll the Kobold Berserker began the quest for the
                  | Orb.
     0 | D:1      | Reached XP level 1. HP: 14/14 MP: 1/1
   143 | D:1      | Reached XP level 2. HP: 7/19 MP: 2/2
   926 | D:2      | Reached XP level 3. HP: 23/23 MP: 3/3
  1244 | D:2      | Found a radiant altar of Vehumet.
  1397 | D:2      | Found a deep blue altar of Sif Muna.
  1651 | D:3      | Reached XP level 4. HP: 29/29 MP: 4/4
  1720 | D:3      | Reached skill level 5 in Short Blades
  2233 | D:3      | Reached ** piety under Trog
  2718 | D:4      | Reached XP level 5. HP: 4/33 MP: 5/5
  3153 | D:4      | Noticed an ogre
  3162 | D:4      | Killed an ogre
  3162 | D:4      | Reached skill level 6 in Short Blades
  3162 | D:4      | Reached XP level 6. HP: 26/38 MP: 6/6
  3812 | D:4      | Reached XP level 7. HP: 34/44 MP: 7/7
  4238 | D:4      | Reached skill level 7 in Short Blades
  4286 | D:4      | Noticed Edmund
  4300 | D:4      | Killed Edmund
  4304 | D:4      | Noticed Menkaure
  4370 | D:4      | Killed Menkaure
  4370 | D:4      | Reached skill level 5 in Fighting
  4439 | D:4      | Found a glowing golden altar of the Shining One.
  4854 | D:5      | Entered Level 5 of the Dungeon
  4855 | D:5      | Reached XP level 8. HP: 49/49 MP: 8/8
  4866 | D:4      | Reached skill level 5 in Dodging
  4898 | D:4      | Reached skill level 8 in Short Blades
  5141 | D:5      | Found a hide-covered altar of Uskayaw.
  5163 | D:5      | Found a staircase to the Ecumenical Temple.
  5204 | D:5      | Found a glowing silver altar of Zin.
  5589 | D:5      | Noticed Duvessa
  5590 | D:5      | Noticed Dowan
  5596 | D:5      | Killed Duvessa
  5596 | D:5      | Reached skill level 9 in Short Blades
  5600 | D:5      | Killed Dowan
  5600 | D:5      | Reached *** piety under Trog
  6118 | D:6      | Reached XP level 9. HP: 55/55 MP: 9/9
  6341 | D:6      | Reached skill level 10 in Short Blades
  6403 | D:6      | Found a shattered altar of Ashenzari.
  6433 | D:6      | Found Giefak's Book Shop.
  6819 | D:7      | Noticed a hippogriff
  6827 | D:7      | Killed a hippogriff
  6886 | D:7      | Noticed Pikel
  7000 | D:7      | Reached skill level 11 in Short Blades
  7036 | D:7      | Found a glowing silver altar of Zin.
  7093 | D:7      | Paralysed by Pikel for 3 turns
  7101 | D:7      | Paralysed by Pikel for 4 turns
  7112 | D:7      | Paralysed by Pikel for 7 turns
  7124 | D:7      | Killed Pikel
  7124 | D:7      | Reached skill level 5 in Armour
  7124 | D:7      | Reached XP level 10. HP: 61/63 MP: 10/10
  7236 | D:7      | Noticed Joseph
  7254 | D:7      | Killed Joseph
  7254 | D:7      | Reached skill level 12 in Short Blades
  7381 | D:7      | Reached **** piety under Trog
  8095 | D:7      | Found a basalt altar of Yredelemnul.
  8521 | D:8      | Found Fiyruck's Antique Weapon Shop.
  8742 | D:8      | Found Hywneu's Magic Scroll Shoppe.
  8847 | D:8      | Found Vubow's Assorted Antiques.
  8913 | D:8      | Reached skill level 1 in Long Blades
  8930 | D:8      | Noticed Erica
  8957 | D:8      | Killed Erica
  8957 | D:8      | Reached skill level 13 in Short Blades
  8957 | D:8      | Reached XP level 11. HP: 69/69 MP: 11/11
  9179 | D:8      | Found Imolegi's Magic Scroll Emporium.
  9268 | D:8      | Found Hiuticeu's Antique Armour Boutique.
  9282 | D:8      | Found a staircase to the Lair.
  9478 | D:8      | Found a burning altar of Makhleb.
  9777 | D:9      | HP: 2/69 [ice beast (4)]
  9777 | D:9      | Mangled by an ice beast

Skill      XL: |  1  2  3  4  5  6  7  8  9 10 11 |
---------------+----------------------------------+-----
Armour         | 2 3 4 5 6 |  6.2
Dodging        | 3 4 6 7 8 9 |  9.0
Short Blades   | 5 6 7 9 11 13 | 13.4
Fighting       | 4 5 6 7 8 |  8.6
Long Blades    | 1 2 |  2.2

Action                   |  1- 3 |  4- 6 |  7- 9 | 10-12 || total
-------------------------+-------+-------+-------+-------++-------
Melee: Short sword       |    98 |   130 |   288 |   345 ||   861
       Rapier            |       |       |    63 |       ||    63
       Scimitar          |       |       |       |    63 ||    63
Invok: Berserk           |     3 |     2 |     8 |     5 ||    18
       Trog's Hand       |       |       |     2 |     4 ||     6
Evoke: Wand              |       |       |       |     2 ||     2
  Use: Scroll            |       |     6 |     7 |     2 ||    15
       Potion            |       |     1 |       |       ||     1
 Stab: Paralysed         |       |       |       |     3 ||     3
  Eat: Chunk             |    13 |     1 |    26 |    14 ||    54
Armor: Animal skin       |     7 |       |       |       ||     7
       Leather armour    |     2 |       |       |       ||     2
       Ring mail         |     3 |     3 |       |       ||     6
       Scale mail        |       |    21 |    66 |    32 ||   119
       Plate armour      |       |       |       |    63 ||    63
Dodge: Dodged            |    53 |    72 |   170 |   198 ||   493
       Rpst.: Scimitar   |       |       |       |    17 ||    17
